 Dungeon Crawl Stone Soup version 0.31-a0-187-gba352fbbf7 (webtiles) character file.

Game seed: 14185001212689932783

6332 qw the Markself (level 10, 0/60 HPs)
             Began as a Deep Elf Hunter on June 22, 2023.
             Was an Elder of Okawaru.
             Slain by a yak (10 damage)
             ... on level 1 of the Lair of Beasts.
             The game lasted 00:03:51 (8458 turns).

qw the Markself (Deep Elf Hunter)                   Turns: 8458, Time: 00:03:52

Health: 0/60       AC: 13    Str: 12    XL:     10   Next: 64%
Magic:  15/15      EV: 23    Int: 15    God:    Okawaru [****..]
Gold:   405        SH:  5    Dex: 18    Spells: 9/9 levels left

rFire   . . .        a - +0 arbalest
rCold   . . .        (shield currently unavailable)
rNeg    . . .        j - +2 ring mail
rPois   .            (no helmet)
rElec   .            e - +0 cloak
rCorr   .            (no gloves)
SInv    .            (no boots)
Will    +....        c - amulet of reflection
Stlth   +++          p - +4 ring of protection
HPRegen 0.30/turn    b - +5 ring of evasion
MPRegen 0.14/turn

%: reflection
@: about to teleport, heroic
A: no striking features
a: Renounce Religion, Heroism, Finesse


You were on level 1 of the Lair of Beasts.
You worshipped Okawaru.
Okawaru was greatly pleased with you.
You visited 3 branches of the dungeon, and saw 11 of its levels.
You also visited: Ossuary.

You collected 638 gold pieces.
You spent 233 gold pieces at shops.


   Skills:
 - Level 5.8(10.8) Fighting
 + Level 16.2(21.2) Ranged Weapons
 - Level 2.0(7.0) Armour
 - Level 8.2(13.2) Dodging
 - Level 1.2(6.2) Stealth
 + Level 4.9 Invocations


You had 9 spell levels left.
You didn't know any spells.
Your spell library was empty.

Inventory:

Hand Weapons
 a - a +0 arbalest (weapon)
 Y - a +0 orcbow
Armour
 e - a +0 cloak (worn)
 j - a +2 ring mail (worn)
Jewellery
 b - a +5 ring of evasion (right hand)
 c - an amulet of reflection (around neck)
 m - the ring of Risen {Ice MP+9 Dex+3}
   (You acquired it on level 1 of the Dungeon)

   [ring of ice]

   It enhances your ice magic.
   Dex:       It affects your dexterity (+3).
   rF:        It makes you vulnerable to fire.
   rC:        It protects you from cold.
   MP:        It affects your magic capacity (+9).
 p - a +4 ring of protection (left hand)
Scrolls
 k - a scroll of identify
 l - 2 scrolls of teleportation
Potions
 g - a potion of mutation
 h - a potion of might
 i - a potion of haste
 n - 3 potions of curing
 o - a potion of magic {unknown}

Dungeon Overview and Level Annotations

Branches:
Dungeon (9/15)             Temple (1/1) D:4            Lair (1/5) D:9
Ossuary (visited)
    Orc: D:9-12

Altars:
Ashenzari
Cheibriados
Dithmenos
Elyvilon
Fedhas
Gozag
Hepliaklqana
Kikubaaqudgha
Makhleb
Nemelex Xobeh
Okawaru
Qazlal
Ru
Sif Muna
Trog
Uskayaw
Vehumet
Wu Jian
Yredelemnul
Zin
The Shining One

Shops:
D:4 **   D:5 [*!?

Portals:
Bailey: D:9

Annotations:
D:5 Menkaure


Message History

A yak comes into view.
You shoot a bolt. The bolt hits the yak.
The yak is lightly wounded.
The yak barely misses you. The yak completely misses you.
You shoot a bolt. The bolt barely misses the yak.
The yak completely misses you. The yak misses you. The yak gores you.
You shoot a bolt. The bolt completely misses the yak.
The yak closely misses you. x2; The yak gores you.
You shoot a bolt. The bolt hits the yak!!!
You kill the yak!
Okawaru accepts your kill. You block the yak's attack.
The yak gores you. x2; The yak misses you.
You shoot a bolt. The bolt completely misses the yak.
You shoot a bolt. The bolt hits the yak!
The yak is moderately wounded.
The yak gores you. The yak barely misses you. x2
The yak completely misses you. The cane toad stings you!
You shoot a bolt. The bolt closely misses the yak.
The cane toad completely misses you. You block the yak's attack.
The yak closely misses you. The yak completely misses you.
The yak barely misses you.
You shoot a bolt. The bolt closely misses the yak.
The cane toad misses you. The yak completely misses you.
The yak closely misses you. The yak gores you. The yak closely misses you.
You shoot a bolt. The bolt hits the yak!
The yak is heavily wounded.
The cane toad stings you! The yak completely misses you.
You block the yak's attack. The yak misses you. The yak completely misses you.
The yak misses you.
The cane toad stings you but does no damage.
You shoot a bolt. The bolt hits the yak!
The yak is severely wounded.
The yak completely misses you. x2; The yak gores you!
The yak misses you. The yak gores you but does no damage.
The cane toad completely misses you.
8458 ||| READING 3 scrolls of teleportation.
As you read the scroll of teleportation, it crumbles to dust.
You feel strangely unstable. The yak gores you but does no damage.
The yak completely misses you.
The yak misses you. x2; The yak gores you!
You die...

...... ##....# #.....#
.....# ..# #....# ....
#..Y.# ... #.YFY# ..
#.Y@Y# #.# #.#
..##.Y..###.#####..
..................#
...................#
...................#
...................#
...................#
.#######.............<#
.......#...P####.P.P..#


You could see 6 yaks and a cane toad.

Vanquished Creatures
  Pikel (D:8)
  Maurice (D:8)
  Grinder (D:6)
  Prince Ribbit (D:6)
  2 wraiths (D:9)
  A wyvern (D:7)
  8 yaks
  Grum (D:8)
  3 wargs (D:9)
  3 water moccasins
  An orc warrior (D:6)
  An ice beast (D:5)
  A black bear (D:5)
  2 centaurs
  2 wolves (D:8)
  3 ogres
  A lemure (D:8)
  2 bullfrogs
  2 gnoll sergeants
  2 scorpions
  A wyvern zombie (D:7)
  4 wights
  4 killer bees
  5 howler monkeys
  A centaur zombie (D:7)
  A bullfrog zombie (D:7)
  4 hounds
  A jelly (D:5)
  4 orc priests
  4 iguanas (D:7)
  2 sleepcaps
  6 orc wizards
  2 killer bee zombies (D:7)
  2 howler monkey zombies (D:7)
  7 gnolls
  8 adders
  3 white imps
  An ufetubus (D:4)
  A worm (D:4)
  2 dart slugs (D:4)
  24 orcs
  3 ball pythons (D:2)
  A bat (D:2)
  3 endoplasms
  2 giant cockroaches
  5 goblins
  6 hobgoblins
  4 jackals (D:4)
  4 kobolds
  3 frilled lizards
  2 goblin zombies (Ossuary)
  7 hobgoblin zombies (Ossuary)
  3 kobold zombies (Ossuary)
  4 orc zombies (Ossuary)
  7 rats
180 creatures vanquished.

Notes
Turn   | Place    | Note
-------+----------+-------------------------------------------
     0 | D:1      | qw the Deep Elf Hunter began the quest for the Orb.
     0 | D:1      | Reached XP level 1. HP: 12/12 MP: 3/3
     0 | D:1      | 0 ||| qw: Version: 0.3-a-9-g12657ce
     0 | D:1      | 0 ||| qw: Game counter: 2363
     0 | D:1      | 0 ||| qw: Always use a shield: true
     0 | D:1      | 0 ||| qw: God list: Okawaru
     0 | D:1      | 0 ||| qw: Allow faded altars: false
     0 | D:1      | 0 ||| qw: Do Orc after D:15 true
     0 | D:1      | 0 ||| qw: Do second Lair branch before Depths: true
     0 | D:1      | 0 ||| qw: Lair rune preference: random
     0 | D:1      | 0 ||| qw: Plans: Normal
     0 | D:1      | 0 ||| PLANNING D:1-11
   166 | D:1      | 166 ||| FLEEEEING.
   170 | D:1      | 170 ||| FLEEEEING.
   171 | D:1      | 171 ||| FLEEEEING.
   191 | D:1      | Reached XP level 2. HP: 16/16 MP: 4/4
   270 | D:1      | Reached skill level 6 in Ranged Weapons
   552 | D:1      | 552 ||| READING scroll labelled QOH ZAMEIMI.
   553 | D:1      | 553 ||| READING scroll labelled BOSAHOPTOI.
   554 | D:1      | 554 ||| READING scroll labelled LELUKHL ENAD.
   555 | D:1      | 555 ||| READING scroll labelled OCEFFUXTUH.
   555 | D:1      | Identified a scroll of acquirement
   555 | D:1      | 555 ||| ACQUIRING ring of Risen {Ice MP+9 Dex+3}
   555 | D:1      | Acquired the ring of Risen {Ice MP+9 Dex+3}
   557 | D:1      | 557 ||| UPGRADING to ring of Risen {Ice MP+9 Dex+3}.
   627 | D:1      | 627 ||| DROPPING scroll of butterflies.
  1138 | D:2      | Found a faded altar of an unknown god.
  1203 | D:2      | 1203 ||| UPGRADING to +0 ring mail.
  1213 | D:2      | 1213 ||| DROPPING +0 leather armour.
  1214 | D:2      | 1214 ||| READING scroll of enchant armour.
  1214 | D:2      | 1214 ||| ENCHANTING +0 ring mail.
  1215 | D:2      | 1215 ||| UPGRADING to +5 ring of evasion.
  1216 | D:2      | 1216 ||| READING 2 scrolls labelled BIC ITULIL.
  1217 | D:2      | 1217 ||| READING 2 scrolls of identify.
  1217 | D:2      | 1217 ||| IDENTIFYING fizzy orange potion
  1218 | D:2      | 1218 ||| DROPPING scroll of amnesia.
  1219 | D:2      | 1219 ||| DROPPING potion of attraction.
  1239 | D:3      | Noticed a scorpion
  1246 | D:3      | 1246 ||| STAIRDANCE
  1255 | D:3      | 1255 ||| STAIRDANCE
  1265 | D:2      | Killed a scorpion
  1266 | D:2      | Reached skill level 7 in Ranged Weapons
  1266 | D:2      | Reached XP level 3. HP: 10/20 MP: 5/5
  1266 | D:2      | Reached XP level 4. HP: 12/25 MP: 6/6
  1272 | D:2      | HP: 6/25 [poisoned by a scorpion]
  1378 | D:3      | Noticed an ogre
  1386 | D:3      | Killed an ogre
  1387 | D:3      | Reached skill level 8 in Ranged Weapons
  1387 | D:3      | Reached XP level 5. HP: 17/29 MP: 7/7
  1387 | D:3      | 1387 ||| FLEEEEING.
  1388 | D:3      | 1388 ||| FLEEEEING.
  1389 | D:3      | 1389 ||| FLEEEEING.
  1390 | D:3      | 1390 ||| FLEEEEING.
  1391 | D:3      | 1391 ||| FLEEEEING.
  1392 | D:3      | 1392 ||| FLEEEEING.
  1393 | D:3      | 1393 ||| FLEEEEING.
  1394 | D:3      | 1394 ||| FLEEEEING.
  1395 | D:3      | 1395 ||| FLEEEEING.
  1396 | D:3      | 1396 ||| FLEEEEING.
  1397 | D:3      | 1397 ||| FLEEEEING.
  1398 | D:3      | 1398 ||| FLEEEEING.
  1399 | D:3      | 1399 ||| FLEEEEING.
  1400 | D:3      | 1400 ||| FLEEEEING.
  1401 | D:3      | 1401 ||| FLEEEEING.
  1402 | D:3      | 1402 ||| STAIRDANCE
  1433 | D:2      | 1433 ||| READING scroll labelled FUVITWUN JUSUPH.
  1434 | D:2      | 1434 ||| READING scroll labelled NUMAOQ MORINE.
  1440 | D:3      | 1440 ||| STAIRDANCE
  2030 | D:3      | 2030 ||| READING scroll labelled CYNUUDALYATA.
  2031 | D:3      | 2031 ||| READING scroll labelled PINOZO OMOWISM.
  2060 | D:4      | 2060 ||| PLANNING OSSUARY
  2152 | D:4      | Reached skill level 9 in Ranged Weapons
  2203 | D:4      | You fall into a shaft and drop 1 floor!
  2203 | D:5      | Entered Level 5 of the Dungeon
  2206 | D:5      | 2206 ||| READING scroll labelled AGIMETW OPTUCK.
  2374 | D:4      | Found a sand-covered staircase.
  2382 | Ossuary  | Entered an ossuary
  2471 | D:4      | 2471 ||| PLANNING D:1-11
  2540 | D:4      | Reached skill level 3 in Dodging
  2561 | D:4      | 2561 ||| FLEEEEING.
  2613 | D:4      | Noticed an ogre
  2623 | D:4      | Killed an ogre
  2624 | D:4      | Reached XP level 6. HP: 33/35 MP: 8/8
  2739 | D:4      | Found a staircase to the Ecumenical Temple.
  2740 | D:4      | 2740 ||| PLANNING TEMPLE
  2744 | Temple   | Entered the Ecumenical Temple
  2787 | Temple   | 2787 ||| PLANNING OKAWARU WORSHIP
  3112 | Temple   | Became a worshipper of Warmaster Okawaru
  3113 | Temple   | 3113 ||| PLANNING D:1-11
  3165 | D:4      | Reached skill level 10 in Ranged Weapons
  3457 | D:4      | Found Zezyuwk's General Store.
  3460 | D:4      | Found Dadif's Specific Store.
  3465 | D:4      | 3465 ||| BUYING potion of heal wounds (50 gold).
  3465 | D:4      | Bought a potion of heal wounds for 50 gold pieces
  3516 | D:4      | 3516 ||| READING 2 scrolls of identify.
  3516 | D:4      | 3516 ||| IDENTIFYING blue potion
  3528 | D:5      | Found a hide-covered altar of Uskayaw.
  3570 | D:5      | HP: 2/35 [ogre/+0 giant club (21)]
  3571 | D:5      | 3571 ||| DRINKING potion of heal wounds.
  3573 | D:5      | Reached XP level 7. HP: 22/40 MP: 9/9
  3660 | D:5      | Found a burning altar of Makhleb.
  3738 | D:5      | Reached * piety under Okawaru
  3739 | D:5      | Reached skill level 11 in Ranged Weapons
  3739 | D:5      | 3739 ||| INVOKING Heroism.
  4038 | D:5      | Found Nohagg's General Store.
  4038 | D:5      | Found Ojeocoeh's Armour Shoppe.
  4038 | D:5      | Found Ygopn's Distillery.
  4039 | D:5      | Found Ithammoi's Magic Scroll Shoppe.
  4045 | D:5      | 4045 ||| SHOPLISTING +3 ring mail of fire resistance (312
                  | gold, have 207).
  4045 | D:5      | 4045 ||| SHOPLISTING ring of fire (300 gold, have 207).
  4045 | D:5      | 4045 ||| BUYING scroll of identify (24 gold).
  4045 | D:5      | Bought a scroll of identify for 24 gold pieces
  4048 | D:5      | 4048 ||| BUYING scroll of enchant weapon (82 gold).
  4048 | D:5      | Bought a scroll of enchant weapon for 82 gold pieces
  4048 | D:5      | 4048 ||| BUYING scroll of identify (22 gold).
  4048 | D:5      | Bought a scroll of identify for 22 gold pieces
  4048 | D:5      | 4048 ||| BUYING scroll of identify (22 gold).
  4048 | D:5      | Bought a scroll of identify for 22 gold pieces
  4048 | D:5      | 4048 ||| BUYING scroll of teleportation (33 gold).
  4048 | D:5      | Bought a scroll of teleportation for 33 gold pieces
  4048 | D:5      | 4048 ||| SHOPLISTING scroll of teleportation (33 gold, have
                  | 24).
  4048 | D:5      | 4048 ||| READING scroll of enchant weapon.
  4048 | D:5      | 4048 ||| ENCHANTING +0 shortbow.
  4052 | D:5      | 4052 ||| SHOPLISTING potion of enlightenment (55 gold, have
                  | 24).
  4052 | D:5      | 4052 ||| SHOPLISTING potion of experience (550 gold, have
                  | 24).
  4052 | D:5      | 4052 ||| SHOPLISTING potion of might (44 gold, have 24).
  4052 | D:5      | 4052 ||| SHOPLISTING potion of resistance (110 gold, have
                  | 24).
  4055 | D:5      | 4055 ||| SHOPLISTING +0 pair of gloves (54 gold, have 24).
  4055 | D:5      | 4055 ||| SHOPLISTING +0 ring mail of Julluneps {Rampage Fly
                  | rElec Will-} (190 gold, have 24).
  4080 | D:5      | Reached skill level 1 in Invocations
  4133 | D:5      | 4133 ||| SWAPPING to +0 orcbow.
  4222 | D:5      | 4222 ||| DROPPING +1 shortbow.
  4256 | D:5      | 4256 ||| INVOKING Heroism.
  4374 | D:5      | 4374 ||| INVOKING Heroism.
  4384 | D:5      | Noticed Menkaure
  4389 | D:5      | 4389 ||| FLEEEEING.
  4390 | D:5      | 4390 ||| FLEEEEING.
  4391 | D:5      | 4391 ||| FLEEEEING.
  4392 | D:5      | 4392 ||| FLEEEEING.
  4393 | D:5      | 4393 ||| FLEEEEING.
  4412 | D:5      | 4412 ||| INVOKING Heroism.
  4413 | D:5      | HP: 10/40 [??? (8)]
  4414 | D:5      | 4414 ||| READING 2 scrolls of teleportation.
  4598 | D:5      | 4598 ||| READING scroll labelled SUREET TAFIR ELUOCH.
  4599 | D:5      | 4599 ||| READING scroll labelled MIRPHO COIHOF.
  4600 | D:5      | 4600 ||| READING 5 scrolls of identify.
  4600 | D:5      | 4600 ||| IDENTIFYING orange potion
  4601 | D:5      | 4601 ||| READING 4 scrolls of identify.
  4601 | D:5      | 4601 ||| IDENTIFYING viscous clear potion
  4602 | D:5      | 4602 ||| READING 3 scrolls of identify.
  4602 | D:5      | 4602 ||| IDENTIFYING lumpy orange potion
  4603 | D:5      | 4603 ||| READING 2 scrolls of identify.
  4603 | D:5      | 4603 ||| IDENTIFYING inky potion
  4604 | D:5      | 4604 ||| DROPPING potion of degeneration.
  4605 | D:5      | 4605 ||| DROPPING potion of lignification.
  4607 | D:5      | 4607 ||| Stepping ~*~*~tactically~*~*~ (cloud).
  4737 | D:6      | Noticed Grinder
  4738 | D:6      | 4738 ||| INVOKING Heroism.
  4746 | D:6      | Killed Grinder
  4747 | D:6      | Reached skill level 12 in Ranged Weapons
  4747 | D:6      | Reached XP level 8. HP: 37/44 MP: 12/12
  4844 | D:6      | Noticed Prince Ribbit
  4845 | D:6      | 4845 ||| INVOKING Heroism.
  4850 | D:6      | Killed Prince Ribbit
  4851 | D:6      | Reached skill level 1 in Armour
  4851 | D:6      | Reached skill level 3 in Invocations
  4858 | D:6      | Found a sacrificial altar of Ru.
  4886 | D:6      | Reached ** piety under Okawaru
  4887 | D:6      | 4887 ||| INVOKING Heroism.
  4891 | D:6      | Reached skill level 3 in Fighting
  4995 | D:6      | Identified the +4 quarterstaff of Fortitude {spect, Dex+3}
  5040 | D:6      | 5040 ||| INVOKING Heroism.
  5046 | D:6      | HP: 2/46 [gnoll sergeant/+0 vampiric trident (13)]
  5047 | D:6      | 5047 ||| READING 2 scrolls of teleportation.
  5245 | D:6      | 5245 ||| INVOKING Heroism.
  5246 | D:6      | 5246 ||| Stepping ~*~*~tactically~*~*~ (outnumbered).
  5257 | D:6      | 5257 ||| Stepping ~*~*~tactically~*~*~ (outnumbered).
  5261 | D:6      | 5261 ||| INVOKING Heroism.
  5264 | D:6      | 5264 ||| Stepping ~*~*~tactically~*~*~ (outnumbered).
  5274 | D:6      | Reached skill level 13 in Ranged Weapons
  5510 | D:6      | 5510 ||| FLEEEEING.
  5515 | D:6      | 5515 ||| FLEEEEING.
  5516 | D:6      | 5516 ||| STAIRDANCE
  5911 | D:6      | Found a broken altar of Ashenzari.
  5912 | D:6      | Found an opulent altar of Gozag.
  6000 | D:6      | 6000 ||| READING scroll labelled KIWNESHR OLARI.
  6161 | D:7      | Reached XP level 9. HP: 50/50 MP: 14/14
  6180 | D:7      | 6180 ||| INVOKING Heroism.
  6351 | D:7      | 6351 ||| INVOKING Heroism.
  6352 | D:7      | 6352 ||| DRINKING potion of curing.
  6352 | D:7      | 6352 ||| (to cure confusion)
  6460 | D:7      | 6460 ||| FLEEEEING.
  6461 | D:7      | 6461 ||| FLEEEEING.
  6462 | D:7      | 6462 ||| FLEEEEING.
  6468 | D:7      | Reached skill level 14 in Ranged Weapons
  6806 | D:7      | 6806 ||| UPGRADING to amulet of reflection.
  6811 | D:7      | 6811 ||| READING scroll labelled XETSUE PUESCH.
  6812 | D:7      | 6812 ||| DRINKING 2 purple potions.
  6813 | D:7      | 6813 ||| READING 2 scrolls of identify.
  6813 | D:7      | 6813 ||| IDENTIFYING bubbling black potion
  6814 | D:7      | 6814 ||| DROPPING potion of brilliance.
  6830 | D:8      | 6830 ||| STAIRDANCE
  6833 | D:7      | 6833 ||| INVOKING Heroism.
  6837 | D:7      | HP: 12/50 [killer bee (4)]
  6838 | D:7      | 6838 ||| READING 2 scrolls of teleportation.
  6839 | D:7      | 6839 ||| DRINKING potion of heal wounds.
  7045 | D:8      | 7045 ||| INVOKING Heroism.
  7047 | D:8      | Noticed Maurice
  7062 | D:8      | Killed Maurice
  7063 | D:8      | Reached skill level 15 in Ranged Weapons
  7072 | D:8      | Reached skill level 6 in Dodging
  7214 | D:8      | Noticed Pikel
  7215 | D:8      | 7215 ||| INVOKING Heroism.
  7222 | D:8      | Killed Pikel
  7350 | D:8      | Noticed Grum
  7351 | D:8      | 7351 ||| INVOKING Heroism.
  7359 | D:8      | Reached XP level 10. HP: 58/58 MP: 15/15
  7368 | D:8      | Killed Grum
  7368 | D:8      | Reached *** piety under Okawaru
  7462 | D:8      | 7462 ||| READING scroll of enchant armour.
  7462 | D:8      | 7462 ||| ENCHANTING +1 ring mail.
  7583 | D:8      | 7583 ||| DROPPING +2 leather armour of cold resistance.
  7584 | D:8      | 7584 ||| UPGRADING to +0 cloak.
  7589 | D:8      | 7589 ||| DROPPING ring of willpower.
  7590 | D:8      | 7590 ||| UPGRADING to +4 ring of protection.
  7592 | D:8      | 7592 ||| READING scroll labelled EROMI SUOMIWN.
  7618 | D:9      | 7618 ||| Stepping ~*~*~tactically~*~*~ (outnumbered).
  7632 | D:9      | Reached skill level 16 in Ranged Weapons
  7672 | D:9      | Found a staircase to the Lair.
  7742 | D:9      | 7742 ||| INVOKING Heroism.
  7753 | D:9      | HP: 14/59 [yak (6)]
  7754 | D:9      | 7754 ||| READING 4 scrolls of teleportation.
  7755 | D:9      | 7755 ||| DRINKING potion of heal wounds.
  7880 | D:9      | Found a flagged portal.
  8311 | D:9      | 8311 ||| PLANNING LAIR
  8342 | D:9      | Reached **** piety under Okawaru
  8368 | Lair:1   | Entered Level 1 of the Lair of Beasts
  8438 | Lair:1   | 8438 ||| SWAPPING to +0 arbalest.
  8444 | Lair:1   | Noticed a cane toad
  8445 | Lair:1   | 8445 ||| INVOKING Heroism.
  8457 | Lair:1   | HP: 10/60 [yak (11)]
  8458 | Lair:1   | 8458 ||| READING 3 scrolls of teleportation.
  8458 | Lair:1   | Slain by a yak

Levels and vault maps discovered:
D:1:      lightli_arrival_farm, layout_basic
D:2:      layout_rooms, shapermc_ecumenical_altar_mp_vishouse
D:3:      layout_rooms, serial_forest, infiniplex_forest_end_3,
          infiniplex_forest_clump_long, infiniplex_forest_straight_3,
          infiniplex_forest_zigzag_1, infiniplex_forest_clump_cross,
          serial_bayou_crossing
D:4:      layout_basic, temple_doors_ab, nicolae_ossuary_entry_plus,
          serial_bayou, serial_bayou_pond_c, serial_bayou_ford_a,
          serial_bayou_lagoon_a, serial_bayou_shore_b, nicolae_specific_store,
          interstate_on_off
D:5:      layout_basic, eat_drink_and_be_merry_uskayaw, old_standard_altar,
          minmay_shop_grid_forest, hellmonk_bongcloud_opening, uniq_menkaure
D:6:      layout_gridville, nicolae_ru_awakened_eye,
          gammafunk_temple_overflow_statue, nicolae_water_bricks, minivault_5,
          uniq_grinder, uniq_prince_ribbit1
D:7:      layout_rooms, serial_undead, serial_undead_c, serial_undead_c,
          serial_undead_b, serial_undead_e
D:8:      layout_loops_ring, uniq_pikel, uniq_grum, uniq_maurice
D:9:      layout_rooms, erik_lair_orcish_takeover, enter_bailey_2
Temple:   compressed_dpeg_triangle_lava_temple
Lair:1:   layout_regular_city, serial_bayou_pond_d,
          chequers_serial_rivers_small_a, st_stairs_10

Skill      XL: |  1  2  3  4  5  6  7  8  9 10 |
---------------+-------------------------------+-----
Ranged Weapons | 7 8 9 10 12 13 15 16 | 16.2
Fighting       | 2 3 4 5 |  5.8
Dodging        | 3 4 5 6 8 |  8.2
Invocations    | 2 4 |  4.9
Armour         | 1 2 |  2.0
Stealth        | |  1.2

Action                     |  1- 3 |  4- 6 |  7- 9 | 10-12 || total
---------------------------+-------+-------+-------+-------++-------
   Fire: Shortbow          |    77 |   218 |    55 |       ||   350
         Orcbow            |       |       |   303 |   150 ||   453
         Arbalest          |       |       |       |    18 ||    18
 Invoke: Heroism           |       |       |    16 |     2 ||    18
    Use: Scroll            |     7 |     6 |    13 |     4 ||    30
         Potion            |       |     1 |     3 |     1 ||     5
 Armour: Ring mail         |     6 |    19 |    47 |    10 ||    82
         Leather armour    |     3 |       |       |       ||     3
  Dodge: Dodged            |    26 |    85 |   224 |   104 ||   439
  Block: Other             |       |       |    19 |    20 ||    39
         Reflection        |       |       |     1 |     1 ||     2

Table legend:
 A = Non-vault XP
 B = Vault XP
 C = Vault XP percentage of total XP
 D = Non-vault monster count
 E = Vault monster count
 F = Vault count percentage of total count
                 A         B        C        D         E       F
            +---------+---------+-------+---------+---------+-------
      Total |    5982 |    3065 |  33.9 |     140 |      39 |  21.8
            +---------+---------+-------+---------+---------+-------
        D:1 |      15 |       0 |   0.0 |      10 |       0 |   0.0
        D:2 |     104 |       0 |   0.0 |      14 |       0 |   0.0
        D:3 |     141 |       0 |   0.0 |      10 |       0 |   0.0
        D:4 |     347 |       0 |   0.0 |      28 |       0 |   0.0
        D:5 |     751 |       0 |   0.0 |      16 |       0 |   0.0
        D:6 |     764 |     554 |  42.0 |      15 |       2 |  11.8
        D:7 |     656 |     334 |  33.7 |      15 |       8 |  34.8
        D:8 |     690 |    1554 |  69.3 |      15 |       5 |  25.0
        D:9 |    1871 |     607 |  24.5 |      13 |       8 |  38.1
     Lair:1 |     643 |       0 |   0.0 |       4 |       0 |   0.0
    Ossuary |       0 |      16 | 100.0 |       0 |      16 | 100.0
            +---------+---------+-------+---------+---------+-------
